AoeStats
← tom

Four Lakes

508493006Analyzed
1v1 RM · 10d ago on Sep 22, 2026· 46m 46s· 2 players
Game mode
Random Map
Map size
Tiny (2 player)
Population
200
Speed
Normal
Resources
Standard
Victory
Conquest
Starting age
Dark Age
Ending age
Imperial Age
RankedLock teamsTeams togetherTeam positionsShared explorationLock speedFull tech treeHidden civsTurbo modeCheats
Victory
Defeat
🇱🇻 Japanese · Latvia
773
+15
🇩🇪 Goths · Germany
752
-15
Nordjansen
0:30 Loom
12:29 Feudal Age
12:39 Man-at-Arms
16:12 Double-Bit Axe
16:38 Fishing Lines
20:01 Horse Collar
22:01 Wheelbarrow
25:14 Castle Age
23:55 Fletching
25:49 Elite Skirmisher
28:09 Forging
28:32 Long Swordsman
31:46 Hand Cart
31:48 Anarchy
32:19 Squires
35:53 Iron Casting
35:22 Scale Mail Armor
35:23 Padded Archer Armor
35:48 Town Watch
36:06 Gillnets
36:39 Gold Mining
42:25 Imperial Age
43:14 Two-Handed Swordsman
tom
6:19 Loom
9:47 Feudal Age
10:08 Man-at-Arms
13:31 Double-Bit Axe
13:55 Arson
15:05 Fletching
17:09 Padded Archer Armor
19:05 Scale Mail Armor
19:16 Forging
20:30 Wheelbarrow
29:16 Castle Age
27:31 Gold Mining
30:25 Bodkin Arrow
30:46 Leather Archer Armor
30:45 Thumb Ring
32:27 Scale Barding Armor
34:33 Gold Shaft Mining
36:10 Chain Barding Armor
36:57 Bow Saw
37:52 Ballistics
38:31 Murder Holes
40:38 Iron Casting
40:28 Chain Mail Armor
49:48 Imperial Age
Connection lost

Rejoining the realm…

Still unreachable

The connection could not be restored.

Session expired

The server has moved on; the page needs a fresh start.